 Dungeon Crawl Stone Soup version 0.29.1-15-g9cfb28693d (webtiles) character file.

Game seed: 8079381855228245533

195 Silvore the Slasher (level 5, -6/47 HPs)
             Began as a Minotaur Fighter on May 2, 2023.
             Killed by divine providence
             ... invoked by an orc priest
              (12 damage)
             ... on level 3 of the Dungeon.
             The game lasted 00:02:52 (2038 turns).

Silvore the Slasher (Minotaur Fighter)              Turns: 2038, Time: 00:02:52

Health: -6/47      AC: 12    Str: 22 (23) XL:     5   Next: 45%
Magic:  4/4        EV:  6    Int: -2 (1)  God:
Gold:   160        SH:  4    Dex:  8 (9)  Spells: 4/4 levels left

rFire   . . .      SeeInvis .   f - +4 scimitar "Feluny Begitt" {vorpal, rPois rN+ Int-4}
rCold   . . .      Faith    .   c - +0 buckler
rNeg    + . .      Spirit   .   g - +0 plate armour
rPois   +          Reflect  .   (helmet restricted)
rElec   .          Harm     .   (no cloak)
rCorr   .          Rampage  .   (no gloves)
Will    .....                   (no boots)
Stlth   ..........              (no amulet)
HPRegen 0.15/turn               (no ring)
MPRegen 0.09/turn               (no ring)

@: attractive, slowed, lost intelligence, unable to read, very slow
A: horns 2, retaliatory headbutt
a: no special abilities


You were on level 3 of the Dungeon.
You visited 1 branch of the dungeon, and saw 3 of its levels.

You collected 160 gold pieces.

Inventory:

Hand Weapons
 a - a +1 long sword
 f - the +4 scimitar "Feluny Begitt" (weapon) {vorpal, rPois rN+ Int-4}
   (You acquired it on level 1 of the Dungeon)

   It inflicts extra damage upon your enemies.
   Int:       It affects your intelligence (-4).
   rPois:     It protects you from poison.
   rN:        It protects you from negative energy.
Armour
 b - a +0 scale mail
 c - a +0 buckler (worn)
 g - a +0 plate armour (worn)
 k - a +0 helmet
Scrolls
 j - 2 scrolls of butterflies
Potions
 d - 3 potions of might
 i - 2 potions of attraction


   Skills:
 + Level 4.5 Fighting
 + Level 5.1 Long Blades
 + Level 4.8 Armour
 + Level 4.1 Shields


You had 4 spell levels left.
You didn't know any spells.
Your spell library contained the following spells:

 Spells                   Type           Power      Damage    Failure   Level
 Beastly Appendage        Tmut           0%         N/A       100%        1
 Sublimation of Blood     Necr           0%         N/A       100%        2
 Wereblood                Tmut           0%         N/A       100%        2
 Confusing Touch          Hex            0%         N/A       100%        3
 Gell's Gravitas          Tloc           0%         N/A       100%        3
 Lesser Beckoning         Tloc           0%         N/A       100%        3
 Spider Form              Tmut/Pois      0%         N/A       100%        3
 Teleport Other           Tloc           0%         N/A       100%        3
 Petrify                  Tmut/Erth      0%         N/A       100%        4
 Irradiate                Conj/Tmut      0%         3d11      100%        5
 Yara's Violent Unravell  Hex/Tmut       0%         3d3       100%        5
 Enfeeble                 Hex            0%         N/A       100%        7


Dungeon Overview and Level Annotations

Branches:
Dungeon (3/15)

Altars:


Innate Abilities, Weirdness & Mutations

You have a pair of horns on your head.
You reflexively headbutt those who attack you in melee.


Message History

It was a potion of attraction.
You feel attractive to monsters. You block something's attack.
You completely miss something. Something hits you but does no damage.
It was a potion of degeneration.
There was something very wrong with that liquid.
You feel weakened.
You feel dopey.
You have lost your intelligence.
You feel clumsy. Something hits you but does no damage.
Something hits you but does no damage. Something hits you.
* * * LOW HITPOINT WARNING * * *
You can move again.
It was a potion of curing.
You feel better.
You hear some strange, mumbled words.
A puff of flame appears from out of thin air!
The puff of flame hits you.
* * * LOW HITPOINT WARNING * * *
You miss something. Your headbutt misses something.
Something hits you but does no damage.
You hear some strange, mumbled words.
A puff of flame appears from out of thin air!
The puff of flame hits you.
* * * LOW HITPOINT WARNING * * *
You miss something. Your headbutt misses something.
Something hits you but does no damage. x2
The orc priest mumbles some strange prayers to Beogh against you.
Something writhes in agony!
You slash something!
Reactivating autopickup.
You feel a bit more experienced.
The orc priest calls down the wrath of Beogh upon you.
Pain shoots through your body!
* * * LOW HITPOINT WARNING * * *
The orc priest is attracted toward you.
You slash the orc priest!
The orc priest is severely wounded.
The orc priest mumbles some strange prayers to Beogh against you.
Beogh smites you!
You die...

#.<.b.bb#.
#....#...#..b#.
#..#.##.....##.
#..#..###.###..
### .>.g
....... ....
.>. .....##.
.... #.#
####.....
#..######.##
#..<.....
#..§o@)†...#
#.######.
#..)#####..#
#.# #. #...
#..# #.# #.
..... #..# #.#
#. ####.. #..#
#†######. #..
#..###.##.....
#..
#.........###.
...
#.#...........
##.###.######.


You could see an orc priest.

Vanquished Creatures
  A scorpion (D:3)
  An orc wizard (D:3)
  Robin (D:2)
  4 adders
  3 worms (D:2)
  A dart slug (D:2)
  4 orcs
  5 endoplasms
  3 giant cockroaches (D:1)
  9 goblins
  10 hobgoblins
  3 kobolds
  2 quokkas
  2 ball pythons
  7 bats
  7 rats
63 creatures vanquished.

Notes
Turn   | Place    | Note
-------+----------+-------------------------------------------
     0 | D:1      | Silvore the Minotaur Fighter began the quest for the Orb.
     0 | D:1      | Reached XP level 1. HP: 19/19 MP: 0/0
   295 | D:1      | Reached XP level 2. HP: 20/27 MP: 1/1
   711 | D:1      | Reached skill level 3 in Long Blades
   871 | D:1      | Identified a scroll of acquirement
   871 | D:1      | Acquired the +4 scimitar "Feluny Begitt" {vorpal, rPois rN+
                  | Int-4}
  1033 | D:2      | Reached XP level 3. HP: 21/33 MP: 2/2
  1342 | D:2      | Reached skill level 4 in Long Blades
  1342 | D:2      | Reached XP level 4. HP: 37/40 MP: 3/3
  1385 | D:2      | Noticed Robin
  1407 | D:2      | Killed Robin
  1687 | D:3      | Found a faded altar of an unknown god.
  1704 | D:3      | Noticed a scorpion
  1712 | D:3      | Killed a scorpion
  1713 | D:3      | Reached XP level 5. HP: 27/47 MP: 4/4
  1876 | D:3      | Reached skill level 5 in Long Blades
  2031 | D:3      | Lost intelligence.
  2033 | D:3      | HP: 2/47 [something (2)]
  2038 | D:3      | Killed from afar by an orc priest

Illustrated notes

Levels and vault maps discovered:
D:1:      psy_arrival_heroes, layout_basic
D:2:      minmay_chambers_of_twos, layout_rooms, uniq_robin
D:3:      layout_loops_ring, nicolae_ecumenical_pavilion,
          kennysheep_small_spiral

Skill      XL: |  1  2  3  4  5 |
---------------+----------------+-----
Fighting       | 4 |  4.5
Armour         | 4 |  4.8
Long Blades    | 3 4 5 |  5.1
Shields        | 4 |  4.1

Action                   |  1- 3 |  4- 6 || total
-------------------------+-------+-------++-------
Melee: Long sword        |    63 |       ||    63
       Headbutt          |     5 |       ||     5
       Scimitar          |    26 |    52 ||    78
  Use: Scroll            |     6 |     1 ||     7
       Potion            |       |     3 ||     3
Armor: Scale mail        |    30 |       ||    30
       Plate armour      |    17 |    47 ||    64
Dodge: Dodged            |    40 |    11 ||    51
Block: Buckler           |    18 |     8 ||    26
